 Dungeon Crawl Stone Soup version 0.26-a0-651-gb41185065b (webtiles) character file.

Game seed: 4127852969432966359

12457 tilp the Covert (level 11, -10/54 HPs)
             Began as a Spriggan Enchanter on Oct 23, 2020.
             Was a Believer of Dithmenos.
             Killed from afar by a lindwurm (11 damage)
             ... with a blast of flame
             ... in a volcano.
             The game lasted 00:35:26 (14455 turns).

tilp the Covert (Spriggan Enchanter)               Turns: 14455, Time: 00:35:27

Health: -10/54     AC:  8    Str:  4    XL:     11   Next: 62%
Magic:  21/21      EV: 25    Int: 21    God:    Dithmenos [**....]
Gold:   440        SH:  7    Dex: 16    Spells: 10/22 levels left

rFire    + . .     SeeInvis +   a - +5 dagger
rCold    x . .     Faith    .   m - +0 buckler
rNeg     . . .     Spirit   .   c - +1 robe {Archmagi}
rPois    +         Reflect  .   N - +2 hat
rElec    .         Harm     .   q - +2 cloak
rCorr    .         Rampage  .   (gloves unavailable)
MR       +....                  (boots unavailable)
Stlth    +++++++...             u - amulet of regeneration
HPRegen  0.58/turn              V - ring of fire
MPRegen  0.17/turn              i - ring of poison resistance

@: wreathed by umbra, very quick
A: very small, unfitting armour, see invisible, speed 3
a: Shadow Step, Renounce Religion


You were in a volcano.
You worshipped Dithmenos.
Dithmenos was pleased with you.
You visited 3 branches of the dungeon, and saw 13 of its levels.
You also visited: Bailey, Gauntlet and Volcano.

You collected 715 gold pieces.
You spent 275 gold pieces at shops.

Inventory:

Hand Weapons
 a - a +5 dagger (weapon)
Missiles
 s - 2 curare-tipped darts
 v - 62 poisoned darts (quivered)
 w - a throwing net
Armour
 c - a +1 robe of the Archmagi (worn)
 m - a +0 buckler (worn)
 q - a +2 cloak (worn)
 N - a +2 hat (worn)
Jewellery
 i - a ring of poison resistance (right hand)
 l - an uncursed ring of stealth
 u - an amulet of regeneration (around neck)
 V - a ring of fire (left hand)
Wands
 e - a wand of polymorph (8)
 H - a wand of iceblast (1)
 I - a wand of paralysis (12)
 J - a wand of enslavement (15)
 L - a wand of digging (5)
Scrolls
 d - 7 scrolls of teleportation
 j - a scroll of acquirement {unknown}
 o - 7 scrolls of remove curse
 r - 2 scrolls of amnesia
 x - 2 scrolls of fog
 A - a scroll of summoning {unknown}
 B - a scroll of blinking
 D - 2 scrolls of fear
 E - a scroll of enchant weapon
 G - 3 scrolls of identify
Potions
 f - 5 potions of berserk rage
 g - 9 potions of curing
 h - 5 potions of heal wounds
 k - 6 potions of lignification
 p - 2 potions of flight
 z - a potion of might
 C - a potion of haste
 M - 3 potions of mutation
 Q - a potion of stabbing
 T - a potion of cancellation
Miscellaneous
 W - a tin of tremorstones (3/3)


   Skills:
 + Level 4.6 Fighting
 + Level 9.3 Short Blades
 + Level 9.9 Dodging
 + Level 13.3 Stealth
 - Level 4.0 Shields
 - Level 6.0 Spellcasting
 + Level 2.8 Conjurations
 + Level 9.4 Hexes
 + Level 0.8 Invocations
 + Level 4.3 Evocations


You had 10 spell levels left.
You knew the following spells:

 Your Spells              Type           Power        Failure   Level
a - Corona                Hex            ######.      1%          1
b - Ensorcelled Hibernat  Hex/Ice        #####.       2%          2
c - Confusing Touch       Hex            ######..     1%          3
d - Tukima's Dance        Hex            ######..     1%          3
e - Dazzling Flash        Conj/Hex       #####.       2%          3

Your spell library contained the following spells:

 Spells                   Type           Power        Failure   Level
 Summon Guardian Golem    Hex/Summ       #####...     5%          3
 Summon Small Mammal      Summ           #...         12%         1
 Call Imp                 Summ           #.......     19%         2
 Call Canine Familiar     Summ           #.......     34%         3
 Summon Ice Beast         Ice/Summ       #.......     75%         4
 Summon Lightning Spire   Summ/Air       #.......     75%         4


Dungeon Overview and Level Annotations

Branches:
Dungeon (11/15)            Temple (1/1) D:5            Lair (1/6) D:9
    Orc (0/2) D:11         Bailey (visited)         Volcano (1/1)
Gauntlet (visited)

Altars:
Ashenzari
Cheibriados
Dithmenos
Elyvilon
Fedhas
Gozag
Hepliaklqana
Kikubaaqudgha
Makhleb
Nemelex Xobeh
Okawaru
Qazlal
Ru
Sif Muna
Trog
Uskayaw
Vehumet
Wu Jian
Xom
Yredelemnul
Zin
The Shining One

Shops:
D:6 ?


Innate Abilities, Weirdness & Mutations

You are very small and have problems with some larger weapons.
You are too small for most types of armour.
You have supernaturally acute eyesight. (SInv)
You cover ground extremely quickly.


Message History

Something unseen opens the door.
The lindwurm breathes flames at you. The blast of flame hits you. You resist.
The lindwurm roars!
The molten gargoyle blasts magma at you!
The bolt of magma misses you. Why would you want to do that?
The molten gargoyle blasts magma at you!
The bolt of magma misses you. The lindwurm breathes flames at you.
The blast of flame hits the molten gargoyle.
The molten gargoyle completely resists.
The blast of flame hits you! You resist.
* * * LOW HITPOINT WARNING * * *
The molten gargoyle blasts magma at you!
The bolt of magma hits you! You partially resist.
* * * LOW HITPOINT WARNING * * *
The lindwurm breathes flames at you. The blast of flame hits you! You resist.
You die...

##°#.##
###9#
###.○##
###8.≈R≈#
###..≈≈≈≈≈#
#..≈≈≈≈k.##
#..≈≈9§k≈#
##..§≈§≈≈#
####@..≈#
###..# ##+


You could see a toenail golem, 2 lindwurms, an efreet and 2 molten gargoyles.

Vanquished Creatures
  A minotaur (Gauntlet)
  Pikel (D:5)
  An orc knight (Bailey)
  An ugly thing (D:11)
  A moth of wrath (Gauntlet)
  A molten gargoyle (Volcano)
  2 hippogriffs
  Sigmund (D:2)
  3 centaur simulacra (Gauntlet)
  4 redbacks (Gauntlet)
  A wyvern (D:8)
  A wraith (D:8)
  A basilisk (D:11)
  A fire elemental (Volcano)
  3 wargs
  3 water moccasins
  2 hell hounds (Lair:1)
  4 black bears
  2 sky beasts
  20 orc warriors
  3 ice beasts
  3 centaurs
  2 ogres
  A necrophage (D:10)
  2 lemures (D:5)
  Blork the orc (D:6)
  2 big kobolds
  7 bullfrogs
  A wyvern zombie (D:5)
  5 scorpions
  A hornet simulacrum (Gauntlet)
  3 wights (D:9)
  17 killer bees
  7 electric eels
  3 howler monkeys
  A bullfrog zombie (D:11)
  2 hounds
  9 orc wizards
  7 orc priests
  Crazy Yiuf (D:3)
  3 jellies
  A bullfrog skeleton (D:6)
  5 iguanas
  5 worker ants
  A bullfrog simulacrum (Gauntlet)
  A hound zombie (D:7)
  2 hound skeletons
  11 gnolls
  5 adders
  2 shadow imps (D:5)
  4 white imps
  An ufetubus (D:8)
  An ooze (D:6)
  3 adder zombies
  2 worms
  2 dart slugs
  7 leopard geckos
  40 orcs
  3 giant cockroaches
  11 goblins
  3 hobgoblins
  4 jackals (D:6)
  5 quokkas
  2 ball pythons (D:1)
  5 bats
  A frilled lizard (D:2)
  A giant cockroach zombie (D:5)
  A jackal skeleton (D:3)
  14 kobolds
  A leopard gecko skeleton (D:9)
  A quokka skeleton (D:8)
  4 rats
284 creatures vanquished.

Vanquished Creatures (others)
  2 orcs (Bailey)
  19 plants
21 creatures vanquished.

Grand Total: 305 creatures vanquished

Notes
Turn   | Place    | Note
-------+----------+-------------------------------------------
     0 | D:1      | tilp the Spriggan Enchanter began the quest for the Orb.
     0 | D:1      | Reached XP level 1. HP: 9/9 MP: 5/5
   754 | D:1      | Reached XP level 2. HP: 7/13 MP: 6/6
   758 | D:1      | Learned a level 2 spell: Ensorcelled Hibernation
   917 | D:1      | Reached skill level 5 in Stealth
  1860 | D:2      | Found a sparkling altar of Nemelex Xobeh.
  1935 | D:2      | Reached XP level 3. HP: 16/16 MP: 8/8
  1940 | D:2      | Learned a level 3 spell: Confusing Touch
  2130 | D:2      | Noticed Sigmund
  2141 | D:2      | Killed Sigmund
  2141 | D:2      | Reached skill level 7 in Stealth
  2141 | D:2      | Reached XP level 4. HP: 17/21 MP: 9/9
  2141 | D:2      | Reached XP level 5. HP: 19/24 MP: 10/10
  2288 | D:2      | Learned a level 3 spell: Tukima's Dance
  2331 | D:3      | Found an ancient bone altar of Kikubaaqudgha.
  3162 | D:3      | Found a runed translucent door.
  3163 | D:3      | Noticed Crazy Yiuf
  3311 | D:3      | Killed Crazy Yiuf
  3311 | D:3      | Reached skill level 1 in Evocations
  3311 | D:3      | Reached XP level 6. HP: 28/28 MP: 8/11
  3495 | D:4      | Reached skill level 8 in Stealth
  3495 | D:4      | Reached skill level 1 in Shields
  3497 | D:4      | Found a sacrificial altar of Ru.
  3676 | D:4      | Reached skill level 5 in Short Blades
  4460 | D:5      | Entered Level 5 of the Dungeon
  4460 | D:5      | Found a burning altar of Makhleb.
  4619 | D:5      | Reached XP level 7. HP: 32/32 MP: 12/12
  4821 | D:5      | Found a staircase to the Ecumenical Temple.
  4830 | Temple   | Entered the Ecumenical Temple
  5097 | D:5      | Noticed Pikel
  5110 | D:5      | Killed Pikel
  5110 | D:5      | Reached skill level 5 in Hexes
  5110 | D:5      | Reached XP level 8. HP: 36/36 MP: 6/15
  5400 | D:5      | Found an iron altar of Okawaru.
  5995 | D:6      | Noticed Blork the orc
  6006 | D:6      | Killed Blork the orc
  6188 | D:6      | Found Huiniw's Magic Scroll Shoppe.
  6193 | D:6      | Bought a scroll of noise for 10 gold pieces
  6193 | D:6      | Bought a scroll of fear for 35 gold pieces
  6193 | D:6      | Bought a scroll of enchant weapon for 75 gold pieces
  6193 | D:6      | Bought a scroll of enchant armour for 75 gold pieces
  6276 | D:6      | Reached skill level 1 in Fighting
  6454 | D:6      | Found a glowing silver altar of Zin.
  6455 | D:6      | Noticed an angel
  6641 | D:6      | Reached skill level 5 in Dodging
  6641 | D:6      | Reached XP level 9. HP: 34/42 MP: 11/16
  6839 | D:6      | Learned a level 3 spell: Dazzling Flash
  6932 | D:7      | Found a flagged portal.
  6945 | Bailey   | Entered a bailey
  7442 | Bailey   | Reached skill level 9 in Stealth
  7701 | Bailey   | Found a roughly hewn altar of Beogh.
  7701 | Bailey   | Noticed an orc knight
  7734 | Bailey   | Reached skill level 10 in Stealth
  7859 | Bailey   | Killed an orc knight
  7859 | Bailey   | Reached XP level 10. HP: 47/49 MP: 8/17
  8006 | D:6      | Bought a scroll of identify for 20 gold pieces
  8006 | D:6      | Bought a scroll of identify for 20 gold pieces
  8006 | D:6      | Bought a scroll of identify for 20 gold pieces
  8006 | D:6      | Bought a scroll of identify for 20 gold pieces
  8183 | D:7      | Reached skill level 11 in Stealth
  8264 | D:7      | You fall into a shaft and drop 1 floor!
  9239 | D:7      | Found a basalt altar of Yredelemnul.
  9400 | D:8      | Found a bloodstained altar of Trog.
  9603 | D:8      | Reached skill level 12 in Stealth
 10322 | D:8      | Reached skill level 1 in Conjurations
 10604 | D:9      | Found a hide-covered altar of Uskayaw.
 10766 | D:9      | Found a staircase to the Lair.
 10865 | D:9      | Found a shadowy altar of Dithmenos.
 10865 | D:9      | Found a shimmering altar of Xom.
 10866 | D:9      | Found a stormy altar of Qazlal.
 10872 | D:9      | Became a worshipper of Dithmenos the Shadowed
 11184 | D:9      | Reached skill level 5 in Spellcasting
 11750 | D:10     | Entered Level 10 of the Dungeon
 11863 | D:10     | Reached * piety under Dithmenos
 12006 | D:10     | Reached XP level 11. HP: 48/53 MP: 17/20
 12500 | D:11     | Found a gate leading to a gauntlet.
 12509 | Gauntlet | Entered a Gauntlet
 12509 | Gauntlet | Found a runed translucent door.
 12509 | Gauntlet | Found a transporter.
 12509 | Gauntlet | Found a runed translucent door.
 12509 | Gauntlet | Found a transporter.
 12511 | Gauntlet | Found a transporter.
 12511 | Gauntlet | Found a transporter.
 12514 | Gauntlet | Found a transporter.
 12529 | Gauntlet | Noticed an oklob plant
 12550 | Gauntlet | Found a transporter.
 12551 | Gauntlet | Found a transporter.
 12551 | Gauntlet | Found a transporter.
 12555 | Gauntlet | Found a runed translucent door.
 12563 | Gauntlet | Noticed a cacodemon
 12565 | Gauntlet | Found a transporter.
 12581 | Gauntlet | Found a transporter.
 12583 | Gauntlet | Found a runed translucent door.
 12591 | Gauntlet | Found a transporter.
 12602 | Gauntlet | Found a transporter.
 12684 | Gauntlet | Found a runed translucent gate.
 12685 | Gauntlet | Found a transporter.
 12689 | Gauntlet | Found a runed translucent gate.
 12690 | Gauntlet | Found a runed translucent gate.
 12698 | Gauntlet | Found a transporter.
 12735 | Gauntlet | Noticed a reaper
 12858 | Gauntlet | Got a transparent granite ring
 12888 | Gauntlet | Got an ichor-stained cloak
 12893 | Gauntlet | Identified the +2 cloak "Giosifa" {*Slow rPois Dex+5 SInv}
                  | (You found it in a Gauntlet)
 12894 | Gauntlet | Identified the ring "Joff" {rC+ rN+ Dex+2} (You found it in
                  | a Gauntlet)
 12981 | Gauntlet | Identified the +8 morningstar of Heud Zav {flame, MR+}
 12981 | Gauntlet | Noticed a minotaur
 13108 | Gauntlet | Killed a minotaur
 13108 | Gauntlet | Reached skill level 13 in Stealth
 13224 | D:11     | Found a staircase to the Orcish Mines.
 13451 | D:11     | Noticed a cyan ugly thing
 13457 | D:11     | Killed a cyan ugly thing
 13498 | D:11     | Found a blossoming altar of Fedhas.
 14234 | Lair:1   | Entered Level 1 of the Lair of Beasts
 14283 | Lair:1   | Found a dark tunnel.
 14288 | Lair:1   | Reached ** piety under Dithmenos
 14361 | Volcano  | Entered a volcano
 14441 | Volcano  | Noticed a lindwurm
 14441 | Volcano  | Noticed a lindwurm
 14455 | Volcano  | HP: 1/54 [molten gargoyle/bolt of magma (17)]
 14455 | Volcano  | Killed from afar by a lindwurm

Illustrated notes

Levels and vault maps discovered:
D:1:      kilobyte_arrival_exit_the_forest, layout_loops_corners,
          lexackson_kobold_supper
D:2:      layout_rooms, overflow_temple_1_default, nicolae_underground_beach,
          uniq_sigmund
D:3:      layout_loops_cross, kiku_gazebo_garden_becter, minmay_goblin_outpost,
          uniq_crazy_yiuf_cottage
D:4:      layout_cave_pools, nicolae_overflow_crystal_walls,
          kennysheep_generic_room_8
D:5:      layout_cave_pools, old_standard_altar, bloody_makhleb,
          minmay_temple_entry_fiery, serial_rivers,
          chequers_serial_rivers_small_b, chequers_serial_rivers_room_a,
          chequers_serial_rivers_marsh, chequers_serial_rivers_room_a,
          chequers_serial_rivers_micro_b, chequers_serial_rivers_small_3,
          minmay_misc_feat_nine_boxes, columned_hall_lemuel, dk_noncrumbling_3,
          uniq_pikel
D:6:      layout_cave_pools, zin_angel, serial_bayou, serial_bayou_pond_d,
          serial_bayou_shore_a, serial_bayou_crossing, serial_bayou_pond_a,
          serial_shops, kennysheep_little_box, minmay_misc_feat_tower,
          uniq_blork_the_orc
D:7:      layout_layer_cave, lemuel_coloured_pillars_altar, enter_bailey_6,
          minmay_misc_feat_plants, nrook_mini_backslash
D:8:      layout_basic, trog_ov_bears_minmay
D:9:      layout_loops_ring, nicolae_overflow_hidden_temple,
          gammafunk_temple_overflow_claw, erik_lair_orcish_takeover
D:10:     layout_loops_cross
D:11:     layout_loops_ring, david_orc_3, gauntlet_entry_generic, basic_altar,
          water_maze_lemuel
Temple:   compressed_dpeg_circular_temple
Lair:1:   layout_hall_layers, enter_volcano_3, chequers_serial_rivers_large_a,
          infiniplex_staircase_pool_2, uniq_maggie, uniq_joseph
Volcano:  volcano_aerie

Skill      XL: |  1  2  3  4  5  6  7  8  9 10 11 |
---------------+----------------------------------+-----
Stealth        | 5 7 8 10 12 13 | 13.3
Short Blades   | 2 4 5 7 8 9 |  9.3
Evocations     | 1 3 4 |  4.3
Shields        | 2 4 |  4.0
Spellcasting   | 4 5 6 |  6.0
Hexes          | 5 8 9 |  9.4
Fighting       | 2 3 4 |  4.6
Dodging        | 5 8 9 |  9.9
Conjurations   | 1 2 |  2.8
Invocations    | |  0.8

Action                   |  1- 3 |  4- 6 |  7- 9 | 10-12 || total
-------------------------+-------+-------+-------+-------++-------
Melee: Dagger            |   109 |    67 |   176 |   365 ||   717
       Short sword       |    14 |    30 |    49 |    88 ||   181
 Cast: Corona            |     4 |       |       |       ||     4
       Ensorcelled Hiber |     6 |    23 |    60 |   102 ||   191
       Confusing Touch   |       |     2 |     7 |    23 ||    32
Evoke: Wand              |       |     1 |     2 |     9 ||    12
  Use: Scroll            |     4 |     5 |     3 |    17 ||    29
       Potion            |       |       |       |     2 ||     2
 Stab: Sleeping          |     8 |    22 |    45 |    93 ||   168
       Distracted        |     1 |       |       |     4 ||     5
       Confused          |       |     2 |     7 |    22 ||    31
Armor: Robe              |     4 |     2 |    10 |    25 ||    41
Dodge: Dodged            |    86 |    68 |   149 |   246 ||   549
Block: Buckler           |       |       |    51 |    86 ||   137

Table legend: (Time is in decaauts)
 A = Elapsed time spent in this place.
 B = Non-inter-level travel time spent in this place.
 C = Inter-level travel time spent in this place.
 D = Time resting spent in this place.
 E = Time spent auto-exploring this place.
 F = Levels seen in this place.
 G = Mean time per level.
                   A        B        C        D        E       F      G
               +--------+--------+--------+--------+--------+-----+--------+
         Total |  10681 |  10261 |    420 |   3031 |   4570 |  16 |  667.6 |
       Dungeon |   9135 |   8732 |    403 |   2321 |   4416 |  11 |  830.5 |
        Temple |     67 |     50 |     17 |      0 |     49 |   1 |   67.0 |
          Lair |    109 |    109 |      0 |     58 |      0 |   1 |  109.0 |
        Bailey |    814 |    814 |      0 |    451 |    104 |   1 |  814.0 |
       Volcano |     57 |     57 |      0 |      0 |      0 |   1 |   57.0 |
      Gauntlet |    496 |    496 |      0 |    201 |      0 |   1 |  496.0 |
               +--------+--------+--------+--------+--------+-----+--------+

Top non-repeatable levels by time:
     D:1: 1359 daAuts
     D:7: 1024 daAuts
     D:4: 987 daAuts
     D:9: 915 daAuts
     D:5: 885 daAuts
  Bailey: 814 daAuts
     D:8: 804 daAuts
     D:3: 761 daAuts
    D:11: 740 daAuts
     D:6: 703 daAuts
    D:10: 523 daAuts
Gauntlet: 496 daAuts
     D:2: 429 daAuts
  Lair:1: 109 daAuts
  Temple: 67 daAuts
